 Dungeon Crawl Stone Soup version 0.20.1-1-g8b1a95d (webtiles) character file.

592 rezek the Covert (level 7, -1/42 HPs)
             Began as a Kobold Berserker on July 6, 2017.
             Was a Priest of Trog.
             Slain by a gnoll
             ... wielding a +0 spear
              (2 damage)
             ... on level 4 of the Dungeon.
             The game lasted 00:08:40 (2606 turns).

rezek the Covert (Kobold Berserker)                 Turns: 2606, Time: 00:08:40

Health: -1/42      AC:  6    Str: 15    XL:     7   Next: 66%
Magic:  7/7        EV: 16    Int:  8    God:    Trog [***...]
Gold:   235        SH:  0    Dex: 14    Spells: 6/6 levels left

rFire    . . .     SeeInvis .   a - +0 short sword
rCold    + . .     Gourm    .   (shield restricted)
rNeg     . . .     Faith    .   b - +0 animal skin
rPois    .         Spirit   .   o - +0 hat
rElec    .         Reflect  .   (no cloak)
rCorr    .         Harm     .   (no gloves)
MR       .....                  j - +1 pair of boots
Stlth    ++++......             (no amulet)
Regen    0.2/turn               q - ring of protection from cold
MPRegen  0.1/turn               (no ring)

@: lethally poisoned (-1 -> -15), berserk cooldown, slowed, very slow
A: hooves 1, icy blue scales 1, carnivore 3, dopey 1, MP-powered wands
a: Berserk, Trog's Hand, Burn Spellbooks, Renounce Religion


You were on level 4 of the Dungeon.
You worshipped Trog.
Trog was most pleased with you.
You were very full.

You visited 1 branch of the dungeon, and saw 4 of its levels.

You collected 235 gold pieces.

Inventory:

Hand Weapons
 a - a +0 short sword (weapon)
Armour
 b - a +0 animal skin (worn)
 j - a +1 pair of boots (worn)
 o - a +0 hat (worn)
Magical Staves
 p - an uncursed staff of summoning
Jewellery
 q - a ring of protection from cold (left hand)
Scrolls
 e - 4 scrolls of identify {unknown}
 i - a scroll of enchant weapon {unknown}
 n - a scroll of immolation {unknown}
 s - a scroll of recharging {unknown}
Potions
 d - a potion of mutation
 h - 2 potions of might {unknown}
 k - 2 potions of magic {unknown}
 l - 2 potions of brilliance {unknown}
 m - a potion of degeneration {unknown}
 r - a potion of cancellation {unknown}
 t - a potion of curing {unknown}
Comestibles
 c - a meat ration
 f - 4 chunks of flesh
 g - a royal jelly


   Skills:
 + Level 3.9 Fighting
 - Level 4.0 Short Blades
 - Level 1.5 Armour
 + Level 3.2 Dodging
 * Level 10.1 Stealth


You had 6 spell levels left.
You didn't know any spells.

Dungeon Overview and Level Annotations

Branches:
Dungeon (4/15)
 Temple: D:4-7

Altars:
Dithmenos
Kikubaaqudgha
Makhleb
Sif Muna


Innate Abilities, Weirdness & Mutations

You are small and have problems with some larger weapons.
You are carnivorous and can eat meat at any time.
You have large cloven feet.
You are partially covered in icy blue scales. (AC +2)
You are dopey. (Int -2)
You expend magic power (3 MP) to strengthen your wands.


Message History

You hit the gnoll.
The gnoll is severely wounded.
You feel sick. The gnoll hits you with a spear.
The gnoll hits you from afar with a halberd.
The gnoll hits you from afar with a spear of venom!
* * * LOW HITPOINT WARNING * * *
The gnoll hits you with a spear.
* * * LOW HITPOINT WARNING * * *
It was a potion of mutation.
You feel extremely strange.
You feel stupid.
Icy blue scales grow over part of your body.
You feel your magical essence link to your wands.
Your feet thicken and deform.
* * * LOW HITPOINT WARNING * * *
You feel sick. The gnoll hits you but does no damage.
The gnoll hits you from afar with a spear of venom.
* * * LOW HITPOINT WARNING * * *
You are more poisoned.
The gnoll hits you with a spear.
You die...

#.####.#.#.#.#
#.# ##...##.#
#.# ##.#...#
#.# #.((.(#
#.# ###...#
#.# ##..# #.#
#.รท# #.# #..#
#@# #..# #g#
#..#


#gg #..# ###. #..# .# #... # ##.# #.# You could see 3 gnolls.

Vanquished Creatures
  Sigmund (D:4)
  An eye of draining (D:4)
  A bullfrog (D:4)
  An iguana (D:3)
  Natasha (thrice) (D:2)
  5 gnolls
  5 adders
  An ooze (D:2)
  3 dart slugs
  2 leopard geckos
  5 giant cockroaches
  7 goblins
  4 hobgoblins
  7 jackals
  10 bats
  4 frilled lizards
  12 kobolds
  6 rats
78 creatures vanquished.

Notes
Turn   | Place    | Note
-------+----------+-------------------------------------------
     0 | D:1      | rezek the Kobold Berserker began the quest for the Orb.
     0 | D:1      | Reached XP level 1. HP: 14/14 MP: 1/1
    10 | D:1      | Reached skill level 1 in Stealth
    50 | D:1      | Reached skill level 2 in Stealth
   102 | D:1      | Reached XP level 2. HP: 19/19 MP: 2/2
   309 | D:1      | Reached skill level 3 in Stealth
   409 | D:1      | Reached XP level 3. HP: 19/23 MP: 3/3
   833 | D:1      | Reached ** piety under Trog
   871 | D:2      | Reached skill level 4 in Stealth
   944 | D:2      | Noticed Natasha
  1003 | D:2      | Reached XP level 4. HP: 26/28 MP: 4/4
  1064 | D:2      | Reached skill level 5 in Stealth
  1167 | D:2      | Killed Natasha
  1177 | D:2      | Reached skill level 6 in Stealth
  1184 | D:2      | Reached XP level 5. HP: 32/32 MP: 5/5
  1610 | D:2      | Noticed Natasha
  1628 | D:2      | Killed Natasha
  1628 | D:2      | Reached skill level 7 in Stealth
  1686 | D:2      | Noticed Natasha
  1697 | D:2      | Killed Natasha
  1697 | D:2      | Reached XP level 6. HP: 37/37 MP: 6/6
  1792 | D:3      | Found an ancient bone altar of Kikubaaqudgha.
  1794 | D:3      | Found a shadowy altar of Dithmenos.
  1867 | D:3      | Reached *** piety under Trog
  1998 | D:3      | Reached skill level 8 in Stealth
  2151 | D:3      | Found a deep blue altar of Sif Muna.
  2151 | D:3      | Found a burning altar of Makhleb.
  2294 | D:4      | Noticed Sigmund
  2345 | D:4      | Killed Sigmund
  2345 | D:4      | Reached skill level 9 in Stealth
  2345 | D:4      | Reached XP level 7. HP: 32/41 MP: 5/7
  2540 | D:4      | Reached skill level 10 in Stealth
  2606 | D:4      | Gained mutation: You are dopey. (Int -2) [potion of mutation]
  2606 | D:4      | Gained mutation: You are partially covered in icy blue scales. (AC +2) [potion of mutation]
  2606 | D:4      | Gained mutation: You expend magic power (3 MP) to strengthen your wands. [potion of mutation]
  2606 | D:4      | Gained mutation: You have large cloven feet. [potion of mutation]
  2606 | D:4      | HP: 1/42 [gnoll/spear of venom (2)]
  2606 | D:4      | Slain by a gnoll

Skill      XL: |  1  2  3  4  5  6  7 |
---------------+----------------------+-----
Stealth        | 2 3 4 6 7 9 10 | 10.1
Dodging        | 3 |  3.2
Fighting       | |  3.9
Short Blades   | |  4.0
Armour         | |  1.5

Action                   |  1- 3 |  4- 6 |  7- 9 || total
-------------------------+-------+-------+-------++-------
Melee: Short sword       |    98 |   133 |    28 ||   259
Invok: Berserk           |       |     5 |     2 ||     7
  Use: Potion            |       |       |     1 ||     1
 Stab: Sleeping          |    10 |     3 |       ||    13
       Distracted        |       |     1 |       ||     1
  Eat: Chunk             |     9 |     8 |     3 ||    20
Armor: Animal skin       |    11 |    36 |     3 ||    50
Dodge: Dodged            |    68 |   121 |    20 ||   209
